| TOP OF THE 1ST |
|
Columbus Clippers batting - Pitching for Scranton WB RailRiders : LHP Omar Quinones
|
|
Pitching: LHP Omar Quinones
|
|
|
Batting: LHB Alejandro Soriano
|
0-0: Ball 1-0: Swinging Strike 1-1: Foul Ball, location: 2F 1-2: Ball 2-2: Foul Ball, location: 2F 2-2: Foul Ball, location: 2F 2-2: Ball 3-2: Base on Balls
|
|
Batting: RHB Jason Sher
|
0-0: Ball 1-0: Ball 2-0: Called Strike 2-1: Ball 3-1: Base on Balls Alejandro Soriano to second
|
|
Batting: RHB Eddie LaRose
|
0-0: Ball 1-0: Called Strike 1-1: Grounds into double play, 5-4-3 (Groundball, 56S, EV 90.0 MPH) Alejandro Soriano to third
|
|
Batting: LHB Costodio Varino
|
0-0: Ball 1-0: Ball 2-0: Ball 3-0: Called Strike 3-1: 2-RUN HOME RUN (Flyball, 9LD, EV 96.9 MPH), Distance : 362 ft
|
|
Batting: LHB Jim Keefe
|
0-0: Called Strike 0-1: Foul Ball, location: 2F 0-2: Foul Ball, location: 2F 0-2: Fly out, F7 (Flyball, 7, EV 95.6 MPH)
|
| Top of the 1st over - 2 runs, 1 hit, 0 errors, 0 left on base; Columbus 2 - Scranton WB 0 |
| BOTTOM OF THE 1ST |
|
Scranton WB RailRiders batting - Pitching for Columbus Clippers : RHP Jason Greene
|
|
Pitching: RHP Jason Greene
|
|
|
Batting: RHB Josh Zoglmann
|
0-0: Swinging Strike 0-1: Fly out, F8 (Flyball, 89D, EV 104.4 MPH)
|
|
Batting: SHB Victor Ruiz
|
0-0: Called Strike 0-1: Called Strike 0-2: SINGLE (Line Drive, 9S, EV 103.1 MPH)
|
|
Batting: SHB Mukhtar Wa'il
|
0-0: Called Strike 0-1: Ball 1-1: Ball 2-1: Foul Ball, location: 2F 2-2: Ball 3-2: Fly out, F4 (Line Drive, 4, EV 65.0 MPH)
|
|
Batting: LHB Joel Vera
|
0-0: Ball 1-0: Called Strike 1-1: Ball 2-1: Swinging Strike 2-2: Strikes out swinging
|
| Bottom of the 1st over - 0 runs, 1 hit, 0 errors, 1 left on base; Columbus 2 - Scranton WB 0 |
| TOP OF THE 2ND |
|
Columbus Clippers batting - Pitching for Scranton WB RailRiders : LHP Omar Quinones
|
|
Batting: LHB Jack Bell
|
0-0: Swinging Strike 0-1: Ball 1-1: Ball 2-1: Foul Ball, location: 2F 2-2: Ball 3-2: Base on Balls
|
|
Batting: LHB Tyler Babbitt
|
0-0: Grounds into double play, 4-6-3 (Groundball, 4S, EV 93.1 MPH)
|
|
Batting: LHB Justin Barker
|
0-0: Swinging Strike 0-1: Ball 1-1: Foul Ball, location: 2F 1-2: Fly out, F9 (Flyball, 89S, EV 89.4 MPH)
|
| Top of the 2nd over - 0 runs, 0 hits, 0 errors, 0 left on base; Columbus 2 - Scranton WB 0 |
| BOTTOM OF THE 2ND |
|
Scranton WB RailRiders batting - Pitching for Columbus Clippers : RHP Jason Greene
|
|
Batting: LHB Aaron Joyner
|
0-0: Ball 1-0: Called Strike 1-1: Ball 2-1: Ground out 2-3 (Groundball, 2L, EV 64.4 MPH)
|
|
Batting: RHB Andy Wasierski
|
0-0: Called Strike 0-1: Ball 1-1: Called Strike 1-2: Strikes out swinging
|
|
Batting: SHB Jose Vargas
|
0-0: DOUBLE (Line Drive, 78XD, EV 108.8 MPH)
|
|
Batting: SHB Joe Fure
|
0-0: Called Strike 0-1: Foul Ball, location: 2F 0-2: Ball 1-2: Strikes out looking
|
| Bottom of the 2nd over - 0 runs, 1 hit, 0 errors, 1 left on base; Columbus 2 - Scranton WB 0 |
| TOP OF THE 3RD |
|
Columbus Clippers batting - Pitching for Scranton WB RailRiders : LHP Omar Quinones
|
|
Batting: RHB Mitch Boyd
|
0-0: Swinging Strike 0-1: Called Strike 0-2: Foul Ball, location: 2F 0-2: Foul Ball, location: 2F 0-2: Ball 1-2: Ball 2-2: Foul Ball, location: 2F 2-2: Ball 3-2: SINGLE (Groundball, 6D, EV 101.2 MPH)
|
|
Batting: LHB Alejandro Soriano
|
0-0: Ball 1-0: Ball 2-0: Called Strike 2-1: Ball 3-1: Swinging Strike 3-2: Foul Ball, location: 2F 3-2: Foul Ball, location: 2F 3-2: Strikes out looking
|
|
Batting: RHB Jason Sher
|
0-0: Ball Mitch Boyd steals 2nd base 1-0: Ball 2-0: Ball Mitch Boyd steals 3rd base 3-0: Base on Balls
|
|
Batting: RHB Eddie LaRose
|
0-0: Swinging Strike 0-1: Ball 1-1: Ball 2-1: Ball 3-1: Called Strike 3-2: SINGLE (Groundball, 56D, EV 103.8 MPH) Mitch Boyd scores Jason Sher to second
|
|
Batting: LHB Costodio Varino
|
0-0: Ball 1-0: Ball 2-0: Ball 3-0: Base on Balls Jason Sher to third Eddie LaRose to second
|
|
Batting: LHB Jim Keefe
|
0-0: Ball 1-0: Ball 2-0: SINGLE (Flyball, 89S, EV 93.1 MPH) Jason Sher scores Eddie LaRose to third Costodio Varino to second Runner from 3rd tries for Home, throw by RF and OUT! 9-2
|
|
Batting: LHB Jack Bell
|
0-0: Ball 1-0: Ball 2-0: Ball 3-0: Base on Balls Costodio Varino to third Jim Keefe to second
|
|
Batting: LHB Tyler Babbitt
|
0-0: Ball 1-0: Foul Ball, location: 2F 1-1: Fly out, F9 (Flyball, 9S, EV 86.2 MPH)
|
| Top of the 3rd over - 2 runs, 3 hits, 0 errors, 3 left on base; Columbus 4 - Scranton WB 0 |
| BOTTOM OF THE 3RD |
|
Scranton WB RailRiders batting - Pitching for Columbus Clippers : RHP Jason Greene
|
|
Batting: RHB Jordan Barragan
|
0-0: Ball 1-0: Foul Ball, location: 2F 1-1: SINGLE (Groundball, 34D, EV 102.5 MPH)
|
|
Batting: RHB Josh Zoglmann
|
0-0: Foul Ball, location: 2F 0-1: SINGLE (Groundball, 56D, EV 107.5 MPH) Jordan Barragan to second
|
|
Batting: SHB Victor Ruiz
|
0-0: Ball 1-0: Ball 2-0: Foul Ball, location: 2F 2-1: Foul Ball, location: 2F 2-2: Reached on error, E3 (Groundball, 34, EV 88.8 MPH) Jordan Barragan to third Josh Zoglmann to second
|
|
Batting: SHB Mukhtar Wa'il
|
0-0: Called Strike 0-1: Ball 1-1: Foul Ball, location: 2F 1-2: Ball 2-2: Strikes out looking
|
|
Batting: LHB Joel Vera
|
0-0: Ball 1-0: SINGLE (Groundball, 4M, EV 108.8 MPH) (infield hit) Jordan Barragan scores Josh Zoglmann to third Victor Ruiz to second
|
|
Batting: LHB Aaron Joyner
|
0-0: Fly out, F7 (Flyball, 78S, EV 85.0 MPH)
|
|
Batting: RHB Andy Wasierski
|
0-0: Called Strike 0-1: Ball 1-1: SINGLE (Groundball, 34D, EV 106.9 MPH) Josh Zoglmann scores Victor Ruiz to third Joel Vera to second Runner from 3rd tries for Home, SAFE, throw by RF to home
|
|
Batting: SHB Jose Vargas
|
0-0: Ball 1-0: Foul Ball, location: 2F 1-1: Foul Ball, location: 2F 1-2: Ball 2-2: Foul Ball, location: 2F 2-2: Ground out 4-3 (Groundball, 4MS, EV 90.6 MPH)
|
| Bottom of the 3rd over - 3 runs, 4 hits, 1 error, 2 left on base; Columbus 4 - Scranton WB 3 |
| TOP OF THE 4TH |
|
Columbus Clippers batting - Pitching for Scranton WB RailRiders : LHP Omar Quinones
|
|
Batting: LHB Justin Barker
|
0-0: Ball 1-0: Ball 2-0: Foul Ball, location: 2F 2-1: Swinging Strike 2-2: Strikes out swinging, 2-3 out at first.
|
|
Pitching: RHP Ray Richards
|
|
|
Batting: RHB Mitch Boyd
|
0-0: Ball 1-0: Foul Ball, location: 2F 1-1: Called Strike 1-2: Strikes out swinging
|
|
Batting: LHB Alejandro Soriano
|
0-0: Called Strike 0-1: Ball 1-1: Ball 2-1: Swinging Strike 2-2: Foul Ball, location: 2F 2-2: Ball 3-2: Foul Ball, location: 2F 3-2: Ground out 6-3 (Groundball, 6M, EV 86.2 MPH)
|
| Top of the 4th over - 0 runs, 0 hits, 0 errors, 0 left on base; Columbus 4 - Scranton WB 3 |
| BOTTOM OF THE 4TH |
|
Scranton WB RailRiders batting - Pitching for Columbus Clippers : RHP Jason Greene
|
|
Batting: SHB Joe Fure
|
0-0: Ball 1-0: Called Strike 1-1: Ball 2-1: Foul Ball, location: 2F 2-2: Strikes out swinging
|
|
Batting: RHB Jordan Barragan
|
0-0: Swinging Strike 0-1: Swinging Strike 0-2: Ball 1-2: Ball 2-2: Foul Ball, location: 2F 2-2: Fly out, F6 (Line Drive, 6, EV 68.8 MPH)
|
|
Batting: RHB Josh Zoglmann
|
0-0: Called Strike 0-1: Fly out, F8 (Line Drive, 8RM, EV 84.4 MPH)
|
| Bottom of the 4th over - 0 runs, 0 hits, 0 errors, 0 left on base; Columbus 4 - Scranton WB 3 |
| TOP OF THE 5TH |
|
Columbus Clippers batting - Pitching for Scranton WB RailRiders : RHP Ray Richards
|
|
Batting: RHB Jason Sher
|
0-0: Called Strike 0-1: Foul Ball, location: 2F 0-2: Ball 1-2: Ball 2-2: SINGLE (Groundball, 56D, EV 94.4 MPH)
|
|
Batting: RHB Eddie LaRose
|
0-0: Called Strike Jason Sher steals 2nd base (no throw) 0-1: Foul Ball, location: 2F 0-2: Ball 1-2: Ball 2-2: Ball 3-2: Base on Balls
|
|
Batting: LHB Costodio Varino
|
0-0: Called Strike 0-1: Ball 1-1: Foul Ball, location: 2F 1-2: Ball 2-2: Foul Ball, location: 2F 2-2: Strikes out looking
|
|
Batting: LHB Jim Keefe
|
0-0: Ball 1-0: Ball 2-0: Ball 3-0: Base on Balls Jason Sher to third Eddie LaRose to second
|
|
Batting: LHB Jack Bell
|
0-0: Ball 1-0: Grounds into fielders choice 4-2 (Groundball, 4, EV 100.6 MPH) Eddie LaRose to third Jim Keefe to second
|
|
Batting: LHB Tyler Babbitt
|
0-0: Ball 1-0: Foul Ball, location: 2F 1-1: Called Strike 1-2: Strikes out swinging
|
| Top of the 5th over - 0 runs, 1 hit, 0 errors, 3 left on base; Columbus 4 - Scranton WB 3 |
| BOTTOM OF THE 5TH |
|
Scranton WB RailRiders batting - Pitching for Columbus Clippers : RHP Jason Greene
|
|
Batting: SHB Victor Ruiz
|
0-0: Ball 1-0: Ball 2-0: Fly out, F8 (Flyball, 78M, EV 86.9 MPH)
|
|
Batting: SHB Mukhtar Wa'il
|
0-0: Fly out, F6 (Popup, 6MD, EV 60.6 MPH)
|
|
Batting: LHB Joel Vera
|
0-0: Ground out 4-3 (Groundball, 4, EV 84.4 MPH)
|
| Bottom of the 5th over - 0 runs, 0 hits, 0 errors, 0 left on base; Columbus 4 - Scranton WB 3 |
| TOP OF THE 6TH |
|
Columbus Clippers batting - Pitching for Scranton WB RailRiders : RHP Ray Richards
|
|
Batting: LHB Justin Barker
|
0-0: Called Strike 0-1: Ball 1-1: Ball 2-1: Ball 3-1: Base on Balls
|
|
Batting: RHB Mitch Boyd
|
0-0: Ball 1-0: Called Strike 1-1: Foul Ball, location: 2F 1-2: Foul Ball, location: 2F 1-2: Strikes out swinging
|
|
Batting: LHB Alejandro Soriano
|
0-0: Swinging Strike 0-1: Ball 1-1: Grounds into double play, 6-4-3 (Groundball, 6, EV 78.8 MPH)
|
| Top of the 6th over - 0 runs, 0 hits, 0 errors, 0 left on base; Columbus 4 - Scranton WB 3 |
| BOTTOM OF THE 6TH |
|
Scranton WB RailRiders batting - Pitching for Columbus Clippers : RHP Jason Greene
|
|
Batting: LHB Aaron Joyner
|
0-0: Foul Ball, location: 2F 0-1: Swinging Strike 0-2: Foul Ball, location: 2F 0-2: Ball 1-2: Ground out 1-3 (Groundball, P, EV 71.9 MPH)
|
|
Batting: RHB Andy Wasierski
|
0-0: Foul Ball, location: 2F 0-1: Called Strike 0-2: Ball 1-2: Foul Ball, location: 2F 1-2: Foul Ball, location: 2F 1-2: Foul Ball, location: 2F 1-2: Ball 2-2: Ground out 6-3 (Groundball, 6, EV 101.2 MPH)
|
|
Batting: SHB Jose Vargas
|
0-0: Fly out, F9 (Flyball, 89M, EV 96.9 MPH)
|
| Bottom of the 6th over - 0 runs, 0 hits, 0 errors, 0 left on base; Columbus 4 - Scranton WB 3 |
| TOP OF THE 7TH |
|
Columbus Clippers batting - Pitching for Scranton WB RailRiders : RHP Ray Richards
|
|
Pitching: RHP Mark Stafford
|
|
|
Batting: RHB Jason Sher
|
0-0: Foul Ball, location: 2F 0-1: Swinging Strike 0-2: Ball 1-2: Ball 2-2: Strikes out looking
|
|
Batting: RHB Eddie LaRose
|
0-0: Ball 1-0: Foul Ball, location: 2F 1-1: Ball 2-1: SOLO HOME RUN (Flyball, 78XD, EV 99.4 MPH), Distance : 394 ft
|
|
Batting: LHB Costodio Varino
|
0-0: Fly out, F8 (Flyball, 8RXD, EV 98.1 MPH)
|
|
Batting: LHB Jim Keefe
|
0-0: Ball 1-0: Called Strike 1-1: Foul Ball, location: 2F 1-2: Ball 2-2: Fly out, F8 (Flyball, 8RD, EV 102.5 MPH)
|
| Top of the 7th over - 1 run, 1 hit, 0 errors, 0 left on base; Columbus 5 - Scranton WB 3 |
| BOTTOM OF THE 7TH |
|
Scranton WB RailRiders batting - Pitching for Columbus Clippers : RHP Jason Greene
|
|
Now at 2B: Jason Sher
|
|
|
Now at SS: Scott Scott
|
|
|
Batting: SHB Joe Fure
|
0-0: Ball 1-0: Ball 2-0: Ball 3-0: Called Strike 3-1: Base on Balls
|
|
Batting: RHB Jordan Barragan
|
0-0: Called Strike Joe Fure steals 2nd base 0-1: Foul Ball, location: 2F 0-2: Foul Ball, location: 2F 0-2: Foul Ball, location: 2F 0-2: Ball 1-2: Ground out 4-3 (Groundball, 4, EV 88.8 MPH) Joe Fure to third
|
|
Pinch Hitting: SHB Ryan Buchbinder
|
0-0: Called Strike 0-1: Ball 1-1: Ball 2-1: Foul Ball, location: 2F 2-2: Fly out, F9 (Line Drive, 9LM, EV 98.1 MPH)
|
|
Pitching: LHP Victor Garcia
|
|
|
Batting: SHB Victor Ruiz
|
0-0: Ball 1-0: Foul Ball, location: 2F 1-1: Ball 2-1: Ground out 5-3 (Groundball, 5L, EV 86.2 MPH)
|
| Bottom of the 7th over - 0 runs, 0 hits, 0 errors, 1 left on base; Columbus 5 - Scranton WB 3 |
| TOP OF THE 8TH |
|
Columbus Clippers batting - Pitching for Scranton WB RailRiders : RHP Mark Stafford
|
|
Now at 2B: Ryan Buchbinder
|
|
|
Now at SS: Andy Wasierski
|
|
|
Batting: LHB Jack Bell
|
0-0: Called Strike 0-1: Foul Ball, location: 2F 0-2: Ball 1-2: Ground out 4-3 (Groundball, 4, EV 109.4 MPH)
|
|
Batting: LHB Tyler Babbitt
|
0-0: Ball 1-0: Ball 2-0: Foul Ball, location: 2F 2-1: Foul Ball, location: 2F 2-2: Ball 3-2: SINGLE (Flyball, 34D, EV 86.9 MPH)
|
|
Batting: LHB Justin Barker
|
0-0: Ball Tyler Babbitt is caught stealing 2nd base 2-6 1-0: Called Strike 1-1: SINGLE (Groundball, P, EV 85.6 MPH) (infield hit)
|
|
Batting: SHB Scott Scott
|
0-0: Called Strike 0-1: Foul Ball, location: 2F 0-2: Strikes out looking
|
| Top of the 8th over - 0 runs, 2 hits, 0 errors, 1 left on base; Columbus 5 - Scranton WB 3 |
| BOTTOM OF THE 8TH |
|
Scranton WB RailRiders batting - Pitching for Columbus Clippers : LHP Victor Garcia
|
|
Batting: SHB Mukhtar Wa'il
|
0-0: Ball 1-0: Ball 2-0: Foul Ball, location: 2F 2-1: Ball 3-1: DOUBLE (Flyball, 8RXD, EV 100.0 MPH)
|
|
Batting: RHB Devon Utley
|
0-0: Foul Ball, location: 2F 0-1: Called Strike 0-2: Ball 1-2: Ball 2-2: Foul Ball, location: 2F 2-2: Foul Ball, location: 2F 2-2: Foul Ball, location: 2F 2-2: Ball 3-2: Strikes out swinging
|
|
Pinch Hitting: RHB Jerry Castro
|
0-0: Called Strike 0-1: Ball 1-1: Ground out 3-1 (Groundball, 34, EV 86.2 MPH) Mukhtar Wa'il to third
|
|
Batting: RHB Andy Wasierski
|
0-0: Foul Ball, location: 2F 0-1: Ground out 6-3 (Groundball, 6, EV 83.8 MPH)
|
| Bottom of the 8th over - 0 runs, 1 hit, 0 errors, 1 left on base; Columbus 5 - Scranton WB 3 |
| TOP OF THE 9TH |
|
Columbus Clippers batting - Pitching for Scranton WB RailRiders : RHP Mark Stafford
|
|
Pitching: RHP Joe Kimbrough
|
|
|
Now in LF: Victor Ruiz
|
|
|
Now in CF: Joe Fure
|
|
|
Now in RF: Mike Plugge
|
|
|
Batting: LHB Alejandro Soriano
|
0-0: Called Strike 0-1: Ball 1-1: SOLO HOME RUN (Flyball, 89XD, EV 109.4 MPH), Distance : 391 ft
|
|
Batting: RHB Jason Sher
|
0-0: Called Strike 0-1: Ground out 5-3 (Groundball, 56, EV 81.2 MPH)
|
|
Batting: RHB Eddie LaRose
|
0-0: Ball 1-0: Swinging Strike 1-1: Ball 2-1: Foul Ball, location: 2F 2-2: Strikes out swinging
|
|
Batting: LHB Costodio Varino
|
0-0: Called Strike 0-1: Ball 1-1: Ball 2-1: Swinging Strike 2-2: Ball 3-2: Fly out, F7 (Flyball, 78S, EV 93.1 MPH)
|
| Top of the 9th over - 1 run, 1 hit, 0 errors, 0 left on base; Columbus 6 - Scranton WB 3 |
| BOTTOM OF THE 9TH |
|
Scranton WB RailRiders batting - Pitching for Columbus Clippers : LHP Victor Garcia
|
|
Pitching: RHP Chris Cohen
|
|
|
Batting: SHB Jose Vargas
|
0-0: Ball 1-0: Ball 2-0: Fly out, F7 (Flyball, 7D, EV 91.2 MPH)
|
|
Batting: SHB Joe Fure
|
0-0: Ground out 1-3 (Groundball, 34S, EV 69.4 MPH)
|
|
Pinch Hitting: LHB Paul Diaz
|
0-0: Ball 1-0: Called Strike 1-1: Called Strike 1-2: Ground out 4-3 (Groundball, 4S, EV 80.6 MPH)
|
| Bottom of the 9th over - 0 runs, 0 hits, 0 errors, 0 left on base; Columbus 6 - Scranton WB 3 |
|